 Dungeon Crawl Stone Soup version 0.19-a0-1886-gd64a0f0 (webtiles) character file.

350 zxpr0jk the Chiller (level 6, -1/45 HPs)
             Began as a Draconian Ice Elementalist on Oct 15, 2016.
             Slain by an ogre
             ... wielding a +0 giant club
              (14 damage)
             ... on level 4 of the Dungeon.
             The game lasted 00:07:41 (3866 turns).

zxpr0jk the Chiller (Draconian Ice Elementalist)    Turns: 3866, Time: 00:07:42

Health: -1/45      AC: 20    Str: 13    XL:     6   Next: 34%
Magic:  9/11       EV: 12    Int: 13    God:
Gold:   135        SH:  0    Dex: 14    Spells: 3 memorised, 4 levels left

rFire  + . .     SeeInvis .     y - +4 lajatang
rCold  + . .     Gourm    .     (armour unavailable)
rNeg   . . .     Faith    .     (shield currently unavailable)
rPois  +         Spirit   .     m - +2 hat
rElec  +         Dismiss  .     i - +0 cloak (curse)
rCorr  +         Reflect  .     c - +2 pair of gloves {Str+3}
MR     +....     Harm     .     e - +1 pair of boots
Stlth  +++....... Rnd*Rage +    (no amulet)
                                p - ring of stealth
                                k - ring of protection from magic

@: icy armour, resistant, slow
A: unfitting armour, horns 1, berserk 1, blurry vision 1, dopey 1, wild magic 1,
cold-blooded, AC +6
a: no special abilities


You were on level 4 of the Dungeon.
You were not hungry.

You visited 1 branch of the dungeon, and saw 4 of its levels.

You collected 135 gold pieces.

Inventory:

Hand Weapons
 t - a +0 whip of venom
 y - a +4 lajatang (weapon)
Armour
 c - a +2 pair of gloves of strength (worn)
 e - a +1 pair of boots (worn)
 i - a cursed +0 cloak (worn)
 m - a +2 hat (worn)
Jewellery
 k - a ring of protection from magic (left hand)
 p - a ring of stealth (right hand)
Scrolls
 h - 5 scrolls of identify {unknown}
 j - a scroll of remove curse
 n - a scroll of blinking {unknown}
Books
 a - a book of Frost

   Spells                             Type                      Level
   a - Freeze                         Ice                          1
   b - Throw Frost                    Conjuration/Ice              2
   c - Ozocubu's Armour               Charms/Ice                   3
   d - Throw Icicle                   Conjuration/Ice              4
   e - Summon Ice Beast               Ice/Summoning                4
 w - a book of Minor Magic

   Spells                             Type                      Level
   a - Magic Dart                     Conjuration                  1
   b - Blink                          Translocation                2
   c - Call Imp                       Summoning                    2
   d - Repel Missiles                 Charms/Air                   2
   e - Slow                           Hexes                        2
   f - Conjure Flame                  Conjuration/Fire             3
   g - Mephitic Cloud                 Conjuration/Poison/Air       3
Comestibles
 b - a bread ration
 d - 4 chunks of flesh
 f - a meat ration
 g - a beef jerky
 s - 5 fruits


   Skills:
 - Level 1.7 Dodging
 - Level 1.7 Stealth
 + Level 3.7 Spellcasting
   Level 1.0 Conjurations
 * Level 6.2 Ice Magic


You had 4 spell levels left.
You knew the following spells:

 Your Spells              Type           Power        Failure   Level  Hunger
a - Freeze                Ice            ###.         2%          1    #......
b - Ozocubu's Armour      Chrm/Ice       ##......     24%         3    ###....
c - Summon Ice Beast      Ice/Summ       ##......     71%         4    #####..


Dungeon Overview and Level Annotations

Branches:
Dungeon (4/15)
 Temple: D:4-7

Altars:
Dithmenos
Ru
Trog

Annotations:
D:4 Robin


Innate Abilities, Weirdness & Mutations

Your plain brown scales are hard. (AC +6)
You cannot fit into any form of body armour.
You are cold-blooded and may be slowed by cold attacks.
You have a pair of small horns on your head.
You tend to lose your temper in combat.
Scrolls take you a little longer to read.
You are dopey. (Int -2)
Your spells are a little harder to cast, but a little more powerful.


Message History

You closely miss the goblin. Robin throws the goblin at you!
The goblin hits you.
* * * LOW HITPOINT WARNING * * *
Casting: Ozocubu's Armour
Confirm with . or Enter, or press ? or * to list all spells.
Aiming: Freeze
Press: ? - help, Shift-Dir - straight line, f - ogre
Aim: an ogre, wielding a giant club You freeze the ogre.
The ogre is moderately wounded.
The goblin misses you. The ogre hits you but does no damage.
Casting: Freeze
Confirm with . or Enter, or press ? or * to list all spells.
Aiming: Freeze
Press: ? - help, Shift-Dir - straight line, f/p - ogre
Aim: an ogre, wielding a giant club (moderately wounded)
You freeze the ogre.
The ogre is severely wounded.
The goblin hits you but does no damage. The ogre hits you with a giant club!
You die...

# #.# #.#.#.#
#####.#####.#.#.#
..............#.#
..##..#####..##.##
..##..............
.................##
..###.....[..###..#
..# #.####...# #g#.
#........# #@#
#.####...###O#.#
#.# #.ogg.gg.(# ..
#.#g###....#
..../.).# #.....#
........g .......#
#####.#.go......>.#
#.#g.O........#
..##...........


You could see an ogre, Robin and 2 goblins.

Vanquished Creatures
  2 orc wizards (D:4)
  2 orc priests (D:4)
  Ijyb (D:3)
  A worker ant (D:3)
  7 adders
  2 oozes
  An adder skeleton (D:4)
  4 worms
  2 dart slugs
  6 leopard geckos
  5 orcs
  6 bats
  2 giant cockroaches
  9 goblins
  7 hobgoblins
  7 jackals
  3 quokkas
  3 ball pythons
  4 frilled lizards
  12 kobolds
  6 rats
92 creatures vanquished.

Notes
Turn   | Place    | Note
-------+----------+-------------------------------------------
     0 | D:1      | zxpr0jk the Draconian Ice Elementalist began the quest for the Orb.
     0 | D:1      | Reached XP level 1. HP: 14/14 MP: 3/3
   218 | D:1      | Reached XP level 2. HP: 20/20 MP: 5/5
   740 | D:2      | Found a shadowy altar of Dithmenos.
   776 | D:2      | Reached XP level 3. HP: 13/26 MP: 6/6
  1123 | D:2      | Reached skill level 4 in Ice Magic
  1339 | D:2      | Reached XP level 4. HP: 11/33 MP: 3/8
  1820 | D:2      | Found a bloodstained altar of Trog.
  2520 | D:3      | Learned a level 3 spell: Ozocubu's Armour
  2525 | D:3      | Learned a level 4 spell: Summon Ice Beast
  2606 | D:3      | Reached skill level 5 in Ice Magic
  2633 | D:3      | Found a sacrificial altar of Ru.
  2729 | D:3      | Noticed Ijyb
  2746 | D:3      | Killed Ijyb
  2746 | D:3      | Reached XP level 5. HP: 36/38 MP: 2/9
  3306 | D:3      | Gained mutation: You are dopey. (Int -2) [potion of mutation]
  3306 | D:3      | Gained mutation: Scrolls take you a little longer to read. [potion of mutation]
  3306 | D:3      | Gained mutation: Your spells are a little harder to cast, but a little more powerful. [potion of mutation]
  3321 | D:3      | HP: 2/57 [poisoned by a worker ant]
  3327 | D:3      | HP: 1/57 [poisoned by a worker ant]
  3335 | D:3      | HP: 1/57 [poisoned by a worker ant]
  3702 | D:4      | Reached XP level 6. HP: 18/45 MP: 8/11
  3775 | D:4      | Gained mutation: You tend to lose your temper in combat. [potion of mutation]
  3775 | D:4      | Gained mutation: You have a pair of small horns on your head. [potion of mutation]
  3778 | D:4      | Reached skill level 6 in Ice Magic
  3832 | D:4      | Noticed Robin
  3866 | D:4      | Slain by an ogre

Vault maps used:
D:1:      saegor_arrival_simple_f
D:2:      kennysheep_big_flooded_room, bloody_trog, tgw_xom,
          nrook_loot_triangle, nicolae_dithmenos_through_a_glass_darkly
D:3:      minivault_14, nicolae_ru_awakened_eye, uniq_iyjb
D:4:      serial_shops, nicolae_shop_overgrown_old_shop, uniq_robin

Skill      XL: |  1  2  3  4  5  6 |
---------------+-------------------+-----
Ice Magic      | 4 5 6 |  6.2
Spellcasting   | 3 |  3.7
Dodging        | |  1.7
Stealth        | |  1.7
Conjurations   | |  1.0

Action                   |  1- 3 |  4- 6 || total
-------------------------+-------+-------++-------
Melee: Whip              |    16 |    30 ||    46
       Unarmed           |     4 |       ||     4
       Tailslap          |     8 |    15 ||    23
       Hand axe          |    88 |       ||    88
       Spear             |       |   114 ||   114
       Lajatang          |       |    56 ||    56
       Headbutt          |       |     4 ||     4
 Cast: Freeze            |     7 |    33 ||    40
       Ozocubu's Armour  |       |     2 ||     2
  Use: Potion            |       |     5 ||     5
       Scroll            |       |     5 ||     5
 Stab: Sleeping          |     2 |     7 ||     9
       Distracted        |       |     2 ||     2
  Eat: Chunk             |     2 |     8 ||    10
Armor: Skin              |    56 |   115 ||   171
Dodge: Dodged            |   114 |   145 ||   259
